 Dungeon Crawl Stone Soup version 0.31.0-32-g396128a36d (webtiles) character file.

Game seed: 865488558585173015

488 diceflayer the Chopper (level 6, 0/49 HPs)
             Began as a Demonspawn Fighter on Apr 22, 2024.
             Slain by a bog mummy (10 damage)
             ... in an ossuary.
             The game lasted 00:02:42 (3632 turns).

diceflayer the Chopper (Demonspawn Fighter)         Turns: 3632, Time: 00:02:44

Health: 0/49       AC:  8    Str: 19    XL:     6   Next: 90%
Magic:  6/6        EV:  7    Int:  8    God:
Gold:   213        SH:  4    Dex: 12    Spells: 5/5 levels left

rFire   . . .        a - +1 war axe
rCold   . . .        c - +0 buckler
rNeg    . . .        e - +0 chain mail
rPois   .            (no helmet)
rElec   .            (no cloak)
rCorr   .            (no gloves)
SInv    .            (no boots)
Will    .....        (no amulet) Stlth
                     i - ring of flight
HPRegen 0.28/turn    (no ring)
MPRegen 0.10/turn

%: no passive effects
@: flying, slowed, very slow
A: spiny 1
a: no special abilities


You were in an ossuary.
You visited 1 branch of the dungeon, and saw 5 of its levels.
You also visited: Ossuary.

You collected 213 gold pieces.

Inventory:

Hand Weapons
 a - a +1 war axe (weapon)
Armour
 b - a +0 scale mail
 c - a +0 buckler (worn)
 e - a +0 chain mail (worn)
 j - a +1 plate armour
Jewellery
 i - a ring of flight (left hand)
 s - a ring of see invisible
Scrolls
 h - 2 scrolls of teleportation
 l - 2 scrolls of fog
 r - 2 scrolls of identify
Potions
 d - a potion of might
 f - 2 potions of haste
 g - 3 potions of heal wounds
 k - a potion of degeneration {unknown}
 m - a potion of magic {unknown}
 n - 2 potions of mutation {unknown}
 o - a potion of invisibility {unknown}
 p - 2 potions of lignification {unknown}
 q - a potion of brilliance {unknown}


   Skills:
 + Level 4.7 Fighting
 - Level 6.0 Axes
 - Level 2.6 Armour
 - Level 2.6 Shields


You had 5 spell levels left.
You didn't know any spells.
Your spell library contained the following spells:

 Spells                   Type           Power      Damage    Failure   Level
 Kiss of Death            Conj/Necr      0%         2d5       99%         1
 Confusing Touch          Hex            0%         N/A       100%        3
 Dispel Undead            Necr           0%         3d6       100%        4


Dungeon Overview and Level Annotations

Branches:
Dungeon (5/15)            Ossuary (1/1)
 Temple: D:4-7

Altars:
Dithmenos
Makhleb
Uskayaw
Yredelemnul
Lugonu

Portals:
Abyss: D:4


Innate Abilities, Weirdness & Mutations

You are partially covered in sharp spines.


Message History

The bog mummy hits you but does no damage.
You hit the bog mummy.
The bog mummy is severely damaged.
You hit the bog mummy. The bog mummy hits you! x2
You are too injured to fight recklessly!
You are too injured to fight recklessly!
You are too injured to fight recklessly!
You are too injured to fight recklessly!
You are too injured to fight recklessly!
You are too injured to fight recklessly!
You are too injured to fight recklessly!
Unknown command.
The bog mummy attacks as it pursues you!
The bog mummy is struck by your spines. The bog mummy hits you.
You completely miss the bog mummy.
The bog mummy is heavily damaged.
You closely miss the bog mummy.
The bog mummy is heavily damaged.
You hit the howler monkey zombie.
The howler monkey zombie is lightly damaged.
You hit the bog mummy.
The howler monkey zombie splashes around in the water.
The bog mummy gestures at you while chanting.
You feel as though you will be slow longer.
You slash the howler monkey zombie!
The howler monkey zombie is severely damaged.
You completely miss the bog mummy.
The howler monkey zombie splashes around in the water.
You block the bog mummy's attack.
The howler monkey zombie is struck by your spines.
The howler monkey zombie hits you but does no damage.
The bog mummy is struck by your spines. The bog mummy hits you!
* * * LOW HITPOINT WARNING * * *
You barely miss the howler monkey zombie.
The howler monkey zombie is almost destroyed.
You hit the bog mummy. The howler monkey zombie misses you.
The howler monkey zombie is struck by your spines.
You destroy the howler monkey zombie!
The bog mummy is struck by your spines. The bog mummy hits you!
You die...

###############
#.#.#.#.#.#.#.#
###'#'#'#'#'#'#'###
#.'.............'.#
#####.#####.#####.###
#≈~.'.#@..#.#...#.'.#
###~#MZM..#.#.∩.'.###
#.~M#...#.#∩..#.'.#
#≈~~#####.#####.###
#≈..~~ '.' #.'.'.#
###~~## #.#####.###
...# #Z#...#.'.#
~~#.' #.#...'.###
#..~# #.#...#.'.#


You could see a mummy, 2 bog mummies and a howler monkey zombie.

Vanquished Creatures
  A howler monkey (D:4)
  4 bullfrog zombies (Ossuary)
  A hound (D:4)
  A killer bee zombie (Ossuary)
  3 crocodile zombies (Ossuary)
  3 hound zombies (Ossuary)
  3 mummies (Ossuary)
  5 howler monkey zombies (Ossuary)
  3 dart slugs
  4 ribbon worms
  An orc (D:5)
  7 endoplasms
  3 giant cockroaches
  5 goblins
  8 hobgoblins
  5 quokkas
  3 ball pythons
  4 ball python zombies (Ossuary)
  8 bats
  4 frilled lizards
  8 kobolds
  A rat (D:1)
  A lurking horror (D:4)
86 creatures vanquished.

Vanquished Creatures (others)
  A lurking horror (D:4)
1 creature vanquished.

Grand Total: 87 creatures vanquished

Notes
Turn   | Place    | Note
-------+----------+-------------------------------------------
     0 | D:1      | diceflayer the Demonspawn Fighter began the quest for the
                  | Orb.
     0 | D:1      | Reached XP level 1. HP: 18/18 MP: 1/1
   105 | D:1      | Reached skill level 2 in Axes
   209 | D:1      | Gained mutation: You are partially covered in sharp spines.
                  | [demonic ancestry]
   209 | D:1      | Reached XP level 2. HP: 24/24 MP: 2/2
   641 | D:1      | Reached skill level 3 in Axes
   949 | D:2      | Reached XP level 3. HP: 29/29 MP: 3/3
  1884 | D:4      | Found a hide-covered altar of Uskayaw.
  1943 | D:4      | Reached XP level 4. HP: 35/35 MP: 4/4
  1952 | D:4      | Reached skill level 4 in Axes
  2160 | D:4      | Reached XP level 5. HP: 39/41 MP: 5/5
  2387 | D:4      | Found a corrupted altar of Lugonu.
  2500 | D:4      | Found a one-way gate to the infinite horrors of the Abyss.
  2592 | D:4      | Found a burning altar of Makhleb.
  2596 | D:4      | Found a basalt altar of Yredelemnul.
  2597 | D:4      | Found a shadowy altar of Dithmenos.
  2678 | D:5      | Entered Level 5 of the Dungeon
  2714 | D:5      | Found a sand-covered staircase.
  2719 | Ossuary  | Entered an ossuary
  2740 | Ossuary  | Reached skill level 5 in Axes
  2974 | Ossuary  | Reached XP level 6. HP: 15/47 MP: 6/6
  3275 | Ossuary  | Reached skill level 6 in Axes
  3632 | Ossuary  | Slain by a bog mummy

Illustrated notes

Levels and vault maps discovered:
D:1:      dpeg_arrival_court, layout_basic, nicolae_hexahallways
D:2:      layout_rooms
D:3:      layout_rooms, chequers_serial_rivers_large_b
D:4:      nicolae_cairo_tiling_very_big, layout_rooms,
          chequers_temple_overflow_statue_of_worship,
          mainiacjoe_overflow_large_starburst, grunt_ministairs_10,
          minmay_misc_feat_doors, serial_library_hellmonk_layered_room,
          amcnicky_altar_lugonu_corruption
D:5:      layout_rooms, temple_hall_moat, enter_ossuary_5
Ossuary:  ossuary_zaba_flooded

Skill      XL: |  1  2  3  4  5  6 |
---------------+-------------------+-----
Axes           | 2 3 4 5 6 |  6.0
Fighting       | 4 |  4.7
Armour         | |  2.6
Shields        | |  2.6

Action                     |  1- 3 |  4- 6 || total
---------------------------+-------+-------++-------
  Melee: War axe           |    94 |   144 ||   238
    Use: Scroll            |     4 |     4 ||     8
 Armour: Chain mail        |    61 |   105 ||   166
         Scale mail        |     1 |       ||     1
  Dodge: Dodged            |    30 |    40 ||    70
  Block: Buckler           |    23 |    25 ||    48
